 Dungeon Crawl Stone Soup version 0.31-a0-1098-g6898e6545c (webtiles) character file.

Game seed: 11629354646644843727

1399 Arzdou the Firebug (level 8, 0/46 HPs)
             Began as an Octopode Fire Elementalist on Nov 30, 2023.
             Was a Follower of Vehumet.
             Splashed by a jelly's acid (8 damage)
             ... on level 7 of the Dungeon.
             The game lasted 00:14:46 (8145 turns).

Arzdou the Firebug (Octopode Fire Elementalist)     Turns: 8145, Time: 00:14:47

Health: 0/46       AC:  1    Str:  7    XL:     8   Next: 69%
Magic:  7/15       EV:  2    Int: 20    God:    Vehumet [*.....]
Gold:   416        SH:  0    Dex: -9 (12) Spells: 10/17 levels left

rFire   . . .        a - +0 dagger
rCold   . . .        (no shield)
rNeg    . . .        (helmet restricted)
rPois   .            o - amulet of regeneration
rElec   .            (no ring)
rCorr   .            (no ring)
SInv    .            (no ring)
Will    .....        (no ring) Stlth
                     (no ring)
HPRegen 1.07/turn    (no ring)
MPRegen 0.14/turn    (no ring)
                     (no ring)

%: no passive effects
@: slowed, lost dexterity, very slow
A: almost no armour, amphibious, 8 rings, camouflage 1, gelatinous body 1,
(nimble swimmer 1), tentacles
a: Renounce Religion


You were on level 7 of the Dungeon.
You worshipped Vehumet.
Vehumet was aware of your devotion.
You visited 2 branches of the dungeon, and saw 8 of its levels.

You collected 416 gold pieces.

Inventory:

Hand Weapons
 a - a +0 dagger (weapon)
 b - a +0 sling
Missiles
 c - 3 curare-tipped darts
Jewellery
 o - an amulet of regeneration (around mantle)
Talismans
 l - a blade talisman
Scrolls
 d - 3 scrolls of teleportation
 f - 2 scrolls of revelation
 h - a scroll of silence
 j - 2 scrolls of amnesia
 n - 2 scrolls of fear
 p - a scroll of poison
 q - a scroll of noise {unknown}
 r - a scroll of torment {unknown}
 s - a scroll of fog {unknown}
Potions
 e - a potion of magic
 g - 3 potions of brilliance {unknown}
 i - 3 potions of curing {unknown}
 k - 2 potions of cancellation {unknown}
 m - 3 potions of haste {unknown}
 t - a potion of lignification {unknown}
 u - a potion of enlightenment {unknown}
 v - a potion of ambrosia {unknown}
 w - a potion of resistance {unknown}


   Skills:
 - Level 2.0 Dodging
 + Level 3.7 Stealth
 + Level 5.2 Spellcasting
 - Level 6.0 Conjurations
 - Level 7.0 Fire Magic


You had 10 spell levels left.
You knew the following spells:

 Your Spells              Type           Power      Damage    Failure   Level
a - Foxfire               Conj/Fire      100%       2x1d9     1%          1
b - Scorch                Fire           66%        2d7       1%          2
c - Flame Wave            Conj/Fire      31%        2d9       8%          4

Your spell library contained the following spells:

 Spells                   Type           Power      Damage    Failure   Level
 Shock                    Conj/Air       68%        1d7       3%          1
 Magic Dart               Conj           100%       1d8       1%          1
 Inner Flame              Hex/Fire       19%        N/A       9%          3
 Volatile Blastmotes      Fire/Tloc      38%        2d13      9%          3
 Mephitic Cloud           Conj/Pois/Air  13%        N/A       16%         3
 Call Imp                 Summ           10%        N/A       17%         2
 Ozocubu's Armour         Ice            5%         N/A       34%         3
 Metabolic Englaciation   Hex/Ice        2%         N/A       97%         5
 Simulacrum               Ice/Necr       2%         N/A       100%        6


Dungeon Overview and Level Annotations

Branches:
Dungeon (7/15)             Temple (1/1) D:4

Altars:
Cheibriados
Elyvilon
Fedhas
Hepliaklqana
Makhleb
Nemelex Xobeh
Ru
Sif Muna
Trog
Vehumet
Wu Jian
Xom
Yredelemnul
Zin

Shops:
D:2 :   D:3 (

Annotations:
D:3 1 runed translucent door, Crazy Yiuf
D:5 Ijyb


Innate Abilities, Weirdness & Mutations

You cannot wear most types of armour.
You are amphibious.
You can wear up to eight rings at the same time.
Your skin changes colour to match your surroundings (Stealth+).
Your rubbery body absorbs attacks. (AC +1, EV +1)
((You are camouflaged when in or above water. (Stealth+)))
You have tentacles for arms and can constrict up to eight enemies at once.


Message History

The quasit claws you.
You feel clumsy. The quasit claws you. The quasit bites you.
The quasit claws you but does no damage.
The quasit claws you.
Casting: Scorch (safe; 1% risk of failure)
Confirm with . or Enter, or press ? or * to list all spells.
Flames lash the quasit.
You kill the quasit!
Vehumet accepts your kill.
The white imp grins evilly.
The white imp gestures at you. The puff of frost hits you!
Casting: Scorch (safe; 1% risk of failure)
Confirm with . or Enter, or press ? or * to list all spells.
Flames lash the white imp.
The white imp is burned terribly!
The white imp is almost dead.
The white imp's fire resistance burns away.
The white imp hits you. The white imp freezes you.
Unknown command.
The white imp gestures at you. The puff of frost hits you.
The jelly jiggles.
The white imp gestures at you. The puff of frost hits you!
* * * LOW HITPOINT WARNING * * *
The white imp is no longer more vulnerable to fire.
The white imp gestures at you. The puff of frost hits you!
* * * LOW HITPOINT WARNING * * *
Casting: Scorch (safe; 1% risk of failure)
Confirm with . or Enter, or press ? or * to list all spells.
Flames lash the white imp.
The white imp is burned terribly!
You kill the white imp!
Vehumet accepts your kill.
The jelly jiggles.
The jelly attacks as it pursues you! The jelly hits you.
* * * LOW HITPOINT WARNING * * *
You are splashed with acid!
You die...

#.......#.....#########
#.......#...##.........
####.####......#.######
#.# #...####.# #.#
##.## #.# #5# #.# #.#
#.# #.# #.#
###.#####.#####.#
#....@J.........#
#.#.#####.####### #.#.#
#.# #.#.# #.# #.#.#
#.########
#...#####...J....###..
#...รท.................
#.###.##########$###..
#.. ..# .#


You could see a jelly.

Vanquished Creatures
  2 ice beasts (D:7)
  An orc warrior (D:6)
  2 sky beasts (D:6)
  A phantom (D:5)
  2 kobold brigands
  2 bullfrogs (D:7)
  2 jellies (D:6)
  A hound (D:5)
  3 quasits
  An orc priest (D:6)
  4 iguanas
  2 orc wizards (D:6)
  6 adders
  4 shadow imps
  4 white imps
  3 ufetubi
  3 worms
  3 dart slugs
  9 orcs
  6 ball pythons
  6 bats
  6 endoplasms
  A giant cockroach (D:2)
  7 goblins
  5 hobgoblins
  12 jackals
  12 kobolds
  2 quokkas
  3 frilled lizards
  A rat (D:1)
116 creatures vanquished.

Vanquished Creatures (others)
  315 foxfires
315 creatures vanquished.

Grand Total: 431 creatures vanquished

Notes
Turn   | Place    | Note
-------+----------+-------------------------------------------
     0 | D:1      | Arzdou the Octopode Fire Elementalist began the quest for
                  | the Orb.
     0 | D:1      | Reached XP level 1. HP: 11/11 MP: 3/3
   454 | D:1      | Reached XP level 2. HP: 17/17 MP: 1/5
   904 | D:1      | Learned a level 2 spell: Scorch
   977 | D:1      | Reached XP level 3. HP: 21/21 MP: 0/6
  2053 | D:2      | Found Adwiocoa's Book Shoppe.
  2276 | D:2      | Reached XP level 4. HP: 25/27 MP: 2/8
  2435 | D:3      | Found a runed translucent door.
  2436 | D:3      | Noticed Crazy Yiuf
  2964 | D:3      | Found Gann's Antique Weapon Emporium.
  3222 | D:3      | Found a faded altar of an unknown god.
  3748 | D:4      | Reached XP level 5. HP: 31/31 MP: 6/10
  3938 | D:4      | Found a staircase to the Ecumenical Temple.
  3948 | Temple   | Entered the Ecumenical Temple
  3961 | Temple   | Became a worshipper of Vehumet
  4479 | D:4      | Identified the +2 falchion "Rafreghi" {vamp, Str+3}
  4629 | D:5      | Entered Level 5 of the Dungeon
  4693 | D:5      | Noticed a phantom
  4697 | D:5      | Killed a phantom
  4698 | D:5      | Reached XP level 6. HP: 31/36 MP: 3/12
  5308 | D:5      | Noticed Ijyb
  5559 | D:6      | Noticed an orc warrior
  5910 | D:6      | Reached * piety under Vehumet
  5910 | D:6      | Offered knowledge of Shock by Vehumet.
  5911 | D:6      | Reached XP level 7. HP: 34/41 MP: 6/14
  6089 | D:6      | Reached skill level 5 in Spellcasting
  6089 | D:6      | Reached skill level 5 in Conjurations
  6300 | D:6      | Reached skill level 4 in Fire Magic
  6614 | D:6      | Reached XP level 8. HP: 27/46 MP: 10/15
  6679 | D:7      | Reached skill level 5 in Fire Magic
  6715 | D:6      | Learned a level 4 spell: Flame Wave
  6924 | D:7      | Reached skill level 6 in Fire Magic
  7029 | D:7      | Noticed a skeletal warrior
  7029 | D:7      | Noticed a skeletal warrior
  7106 | D:7      | Reached skill level 7 in Fire Magic
  7240 | D:7      | Lost dexterity.
  8145 | D:7      | Splashed by a jelly's acid

Illustrated notes

Levels and vault maps discovered:
D:1:      elethiomel_arrival_fortress_basement, layout_basic,
          serial_co_window_serial, co_window_paths_b, co_window_paths_b,
          co_window_corner_a, co_window_paths_a, co_window_of_opportunity_a,
          co_window_unsneaky_path_c, co_window_unsneaky_path_d,
          co_window_unsneaky_path_a, co_window_broadway_c,
          co_window_unsneaky_path_d, glass_columns_b, glass_columns_a,
          glass_columns_b
D:2:      layout_loops_ring, serial_shops, nicolae_book_shop_shelving,
          kennysheep_generic_room_7
D:3:      layout_loops_ring, nicolae_ecumenical_snake_handling, serial_shops,
          nicolae_shop_stone, nicolae_figureground_pulse,
          uniq_crazy_yiuf_cottage
D:4:      layout_rooms, minmay_temple_entry_grid
D:5:      layout_basic, uniq_ijyb
D:6:      layout_basic, minmay_misc_feat_iff
D:7:      layout_loops_ring, grunt_temple_overflow_open, serial_demonic,
          serial_demonic_e, serial_demonic_e, serial_demonic_c,
          serial_demonic_c, hangedman_misty_isle
Temple:   nicolae_temple_ecumenical_triangle

Skill      XL: |  1  2  3  4  5  6  7  8 |
---------------+-------------------------+-----
Conjurations   | 2 3 4 6 |  6.0
Spellcasting   | 3 4 5 |  5.2
Fire Magic     | 4 7 |  7.0
Stealth        | 3 |  3.7
Dodging        | |  2.0

Action                     |  1- 3 |  4- 6 |  7- 9 || total
---------------------------+-------+-------+-------++-------
  Melee: Unarmed           |     3 |       |       ||     3
         Constrict         |     4 |     1 |       ||     5
         Tentacles         |     3 |     1 |       ||     4
         Dagger            |    10 |     2 |     4 ||    16
   Fire: Sling             |    13 |    32 |       ||    45
   Cast: Foxfire           |    56 |    66 |    68 ||   190
         Scorch            |     1 |    31 |    28 ||    60
    Use: Scroll            |       |     6 |       ||     6
 Armour: Skin              |    21 |    11 |   101 ||   133
  Dodge: Dodged            |    31 |    32 |    61 ||   124

Table legend: (Time is in decaauts)
 A = Elapsed time spent in this place.
 B = Non-inter-level travel time spent in this place.
 C = Inter-level travel time spent in this place.
 D = Time resting spent in this place.
 E = Time spent auto-exploring this place.
 F = Levels seen in this place.
 G = Mean time per level.
                   A        B        C        D        E       F      G
               +--------+--------+--------+--------+--------+-----+--------+
         Total |   8620 |   8190 |    430 |   1878 |   5235 |   8 | 1077.5 |
       Dungeon |   8601 |   8183 |    418 |   1878 |   5235 |   7 | 1228.7 |
        Temple |     18 |      6 |     12 |      0 |      0 |   1 |   18.0 |
               +--------+--------+--------+--------+--------+-----+--------+

Top non-repeatable levels by time:
     D:6: 2468 daAuts
     D:1: 1547 daAuts
     D:3: 1376 daAuts
     D:5: 1019 daAuts
     D:4: 901 daAuts
     D:2: 801 daAuts
     D:7: 487 daAuts
  Temple: 18 daAuts
